 Dungeon Crawl Stone Soup version 0.25.1-2-g60ff931df9 (webtiles) character file.

Game seed: 13080900641733481034

28291 lepoulpe303 the Archer (level 13, -1/171 HPs)
             Began as a Red Draconian Hunter on Sept 29, 2020.
             Was a High Priest of Okawaru.
             Slain by a yak (2 damage)
             ... on level 4 of the Lair of Beasts.
             The game lasted 01:08:29 (20042 turns).

lepoulpe303 the Archer (Red Draconian Hunter)      Turns: 20042, Time: 01:08:30

Health: -1/171     AC: 26    Str: 18    XL:     13   Next: 9%
Magic:  0/20       EV:  2    Int: 11    God:    Okawaru [*****.]
Gold:   742        SH:  0    Dex: 14    Spells: 10/12 levels left

rFire    . . .     SeeInvis .   b - +6 war axe (freeze)
rCold    . . .     Gourm    .   (no shield)
rNeg     + + +     Faith    .   (armour unavailable)
rPois    +         Spirit   +   (helmet currently unavailable)
rElec    .         Reflect  .   (cloak currently unavailable)
rCorr    .         Harm     .   (gloves currently unavailable)
MR       .....     NoTele   +   (boots currently unavailable)
Stlth    +++.......             G - amulet of guardian spirit {Spirit}
HPRegen  0.38/turn              (no ring)
MPRegen  0.17/turn              N - ring of positive energy {rN+}

@: short of breath, tree-form
A: (breathe fire), unfitting armour, AC +8
a: Heroism, Finesse, Renounce Religion


You were on level 4 of the Lair of Beasts.
You worshipped Okawaru.
Okawaru was extremely pleased with you.
You were not hungry.
You were a tree.
You visited 3 branches of the dungeon, and saw 14 of its levels.
You also visited: Sewer and Volcano.

You collected 742 gold pieces.

Inventory:

Hand Weapons
 a - the +1 longbow "Geezy" {freeze, rC+}
   (Okawaru gifted it to you on level 2 of the Lair of Beasts)

   It causes projectiles fired from it to freeze those they strike, causing
   extra injury to most foes and up to half again as much damage against
   particularly susceptible opponents.
   They can also slow down cold-blooded creatures.
   It protects you from cold.
 b - a +6 war axe of freezing (weapon)
 O - a +1 shortbow
Missiles
 p - 5 boomerangs of dispersal {=f}
 s - 2 throwing nets {=f}
 J - 4 silver javelins (quivered)
 Q - 200 arrows
Armour
 m - a +0 cloak (melded)
 o - a +2 pair of gloves (melded)
 D - the +2 hood of the Assassin (melded) {Detection Stab+ Stlth++}
   (You found it on level 9 of the Dungeon)

   It makes you much more stealthy.
Jewellery
 y - an uncursed ring of fire {rF+, rC-}
 G - an amulet of guardian spirit (around neck) {Spirit}
 N - a ring of positive energy (right branch) {rN+}
Wands
 x - a wand of flame (42)
 C - a wand of paralysis (7)
 H - a wand of disintegration (6)
 K - a wand of polymorph (7)
 L - a wand of clouds (1)
 T - a wand of acid (7)
Scrolls
 c - a scroll of enchant armour
 f - 2 scrolls of fog
 g - 2 scrolls of fear
 i - 2 scrolls of identify
 k - a scroll of noise {unknown}
 r - 2 scrolls of immolation {!r}
 t - 9 scrolls of teleportation
 w - 10 scrolls of remove curse
 A - a scroll of enchant weapon {unknown}
 B - 2 scrolls of blinking {!r}
 E - a scroll of magic mapping {!r}
Potions
 d - 3 potions of might
 h - 2 potions of haste
 j - a potion of lignification {!q}
 l - 2 potions of heal wounds
 n - 2 potions of resistance
 q - 3 potions of curing
 u - a potion of ambrosia
 z - a potion of berserk rage {!q}
 F - a potion of invisibility
 I - 2 potions of cancellation
 M - 3 potions of flight
 R - a potion of mutation {!q}
 S - 4 potions of stabbing
 U - 2 potions of brilliance
Miscellaneous
 P - a phial of floods
Comestibles
 e - 14 rations
 v - 12 chunks of flesh


   Skills:
 + Level 10.7 Fighting
   Level 0.9 Long Blades
 * Level 9.5 Axes
 * Level 11.3 Bows
 + Level 7.8 Dodging
 - Level 4.6 Stealth
 * Level 10.6 Invocations
 + Level 1.1 Evocations


You had 10 spell levels left.
You knew the following spells:

 Your Spells              Type           Power        Failure   Level  Hunger
b - Blink                 Tloc           N/A          47%         2    ###....

Your spell library contained the following spells:

 Spells                   Type           Power        Failure   Level  Hunger
 Magic Dart               Conj           #...         34%         1    ##.....
 Call Imp                 Summ           #.......     47%         2    ###....
 Slow                     Hex            #.......     47%         2    ###....
 Conjure Flame            Conj/Fire      #.......     71%         3    ####...
 Mephitic Cloud           Conj/Pois/Air  #.......     71%         3    ####...


Dungeon Overview and Level Annotations

Branches:
Dungeon (9/15)             Temple (1/1) D:6            Lair (4/6) D:9
 Shoals (0/4) Lair:3        Snake (0/4) Lair:4        Sewer (visited)
Volcano (visited)
    Orc: D:9-12

Altars:
Ashenzari
Cheibriados
Dithmenos
Elyvilon
Fedhas
Gozag
Hepliaklqana
Kikubaaqudgha
Makhleb
Nemelex Xobeh
Okawaru
Qazlal
Ru
Sif Muna
Trog
Uskayaw
Vehumet
Wu Jian
Xom
Yredelemnul
Zin
The Shining One

Shops:
D:4 (

Annotations:
D:2 dig
D:5 1 runed translucent door
Lair:1 dig ?


Innate Abilities, Weirdness & Mutations

((You can breathe blasts of fire.))
((Your fiery red scales are hard. (AC +8)))
You cannot fit into any form of body armour.
((Your flesh is heat resistant. (rF+)))
((You are cold-blooded and may be slowed by cold attacks.))


Message History

The ten-headed hydra barely misses you.
The ten-headed hydra bites you but does no damage. x2
The yak gores you.
* * * LOW MAGIC WARNING * * *;
* * * LOW HITPOINT WARNING * * *
The yak gores you!
* * * LOW MAGIC WARNING * * *;
* * * LOW HITPOINT WARNING * * *
You take 13 damage, and have 12/171 hp.
You now have 3/20 mp.
You chop one of the ten-headed hydra's heads off!
The nine-headed hydra grows two more!
You slash the 11-headed hydra! You freeze the 11-headed hydra. You hit the yak.
You freeze the yak. You slash the yak! You freeze the yak.
The 11-headed hydra bites you but does no damage. x4
The 11-headed hydra completely misses you.
The 11-headed hydra bites you but does no damage. x4
The 11-headed hydra bites you!
* * * LOW MAGIC WARNING * * *;
* * * LOW HITPOINT WARNING * * *
The 11-headed hydra bites you.
* * * LOW MAGIC WARNING * * *;
* * * LOW HITPOINT WARNING * * *
The yak gores you.
You die...

... ........##.##
##...... ...
.......##.+P# ...... ..
.......#..÷.####......
.###...###..†...#......
......#................
.P..#.......P..#....
##".........+.P# #+.
##P.YY.....#.##
#...♣.......##
#####D...P.## #.#.†..##
###'#..# (Y...#
Y........ (......#P.
........##.. #........#
##


You could see a 11-headed hydra and 2 yaks.

Levels and vault maps discovered:
D:1:      lightli_arrival_flooded_house, layout_loops_cross
D:2:      minmay_chambers_of_ones, layout_basic, tgw_xom, uniq_jessica
D:3:      layout_basic, lemuel_doored_altar, gammafunk_temple_overflow_wave,
          first_ration, serial_corexii_hall, corexii_hall_statues_deadend,
          corexii_hall_statues_t, minmay_unequal, uniq_terence
D:4:      layout_layer_cave, overflow_temple_1_default, serial_shops,
          nicolae_shop_window_shopping, uniq_grinder, uniq_pikel
D:5:      layout_cave_pools, portal_sewer_entry_d, basic_altar,
          lemuel_angel_altar
D:6:      layout_loops_cross, lemuel_round_altar, elyvilon_altar_4,
          overflow_temple_1_default, minmay_temple_entry_proselytizer,
          uniq_edmund
D:7:      layout_loops_ring
D:8:      layout_basic, grunt_qazlal_clouds, vehumet_crystals, uniq_gastronok,
          uniq_maggie, uniq_maurice, uniq_erica, uniq_grum
D:9:      layout_gridville, erik_lair_island
Temple:   nicolae_temple_god_jail
Lair:1:   wad_woods_minihive, layout_layer_cave
Lair:2:   layout_regular_city, infiniplex_staircase_pool_2, serial_bayou_shore_b
Lair:3:   layout_cave_pods, minmay_shoals_entry_lonely_mermaid,
          nicolae_volcano_entry_s_turn, minmay_lair_oklob_items,
          beast_lair_carwin_7, uniq_nergalle
Lair:4:   layout_roguey, minmay_snake_entry_guardpost_small, basic_altar

Notes
Turn   | Place    | Note
-------+----------+-------------------------------------------
     0 | D:1      | lepoulpe303 the Draconian Hunter began the quest for the
                  | Orb.
     0 | D:1      | Reached XP level 1. HP: 17/17 MP: 1/1
     0 | D:1      | Identified a +0 short sword
    58 | D:1      | Reached skill level 1 in Stealth
   176 | D:1      | Identified a cursed +0 club
   193 | D:1      | Identified a +0 club
   194 | D:1      | Reached XP level 2. HP: 25/25 MP: 2/2
   320 | D:1      | Identified a +0 club
   325 | D:1      | Reached skill level 2 in Dodging
   640 | D:2      | HP: 6/25 [poisoned by an adder]
   888 | D:2      | Identified a +0 pair of gloves (You found it on level 2 of
                  | the Dungeon)
   933 | D:2      | Identified a +1 shortbow
   936 | D:2      | Reached XP level 3. HP: 30/30 MP: 3/3
   962 | D:2      | Reached skill level 3 in Fighting
  1006 | D:2      | Reached skill level 4 in Bows
  1208 | D:2      | Identified a +0 dagger
  1208 | D:2      | Identified a cursed +0 robe
  1208 | D:2      | Noticed Jessica
  1219 | D:2      | Killed Jessica
  1219 | D:2      | Reached XP level 4. HP: 19/38 MP: 4/4
  1730 | D:2      | Identified a +0 club
  1848 | D:2      | Identified a +0 club
  2200 | D:2      | Identified 2 scrolls of identify
  2200 | D:2      | Identified an amulet of guardian spirit (You found it on
                  | level 2 of the Dungeon)
  2201 | D:2      | Identified an amulet of the acrobat (You found it on level
                  | 1 of the Dungeon)
  2244 | D:3      | Identified a +0 flail
  2244 | D:3      | Identified a +0 scale mail
  2244 | D:3      | Noticed Terence
  2321 | D:3      | Identified a +0 short sword
  2321 | D:3      | Identified a +0 dagger
  2333 | D:3      | Reached skill level 2 in Stealth
  2403 | D:3      | Identified a +0 club
  2403 | D:3      | Identified a +0 hunting sling
  2439 | D:3      | Identified a +0 club
  2439 | D:3      | Identified a +0 hunting sling
  2552 | D:3      | Reached XP level 5. HP: 31/46 MP: 5/5
  2583 | D:3      | Identified a +0 club
  2730 | D:3      | Identified a +0 short sword
  2765 | D:3      | Killed Terence
  2765 | D:3      | Reached skill level 4 in Fighting
  2879 | D:3      | Found a basalt altar of Yredelemnul.
  2879 | D:3      | Found a shadowy altar of Dithmenos.
  3024 | D:3      | Found a sparkling altar of Nemelex Xobeh.
  3471 | D:4      | Identified a +0 club
  3610 | D:4      | Found Xuidduehor's Antique Weapon Boutique.
  3630 | D:4      | Identified a +0 giant club
  3630 | D:4      | Noticed an ogre
  3642 | D:4      | Killed an ogre
  3642 | D:4      | Reached XP level 6. HP: 53/53 MP: 6/6
  3759 | D:4      | Identified a cursed -3 dagger
  3759 | D:4      | Identified a +0 robe
  3763 | D:4      | Identified a cursed +0 flail
  3764 | D:4      | Reached skill level 5 in Bows
  3764 | D:4      | Identified a +1 dagger of speed
  3764 | D:4      | Identified a +0 robe
  3854 | D:3      | HP: 13/53 [poisoned by a worker ant]
  3855 | D:3      | Reached skill level 3 in Dodging
  3861 | D:3      | HP: 12/53 [poisoned by a worker ant]
  3868 | D:3      | HP: 11/53 [poisoned by a worker ant]
  3876 | D:3      | HP: 10/53 [poisoned by a worker ant]
  4458 | D:4      | Reached skill level 5 in Fighting
  4839 | D:4      | Found a snail-covered altar of Cheibriados.
  4963 | D:4      | Your scales start taking on a fiery red colour.
  4963 | D:4      | Reached XP level 7. HP: 61/61 MP: 7/7
  4963 | D:4      | Gained mutation: Your flesh is heat resistant. (rF+) [Red
                  | Draconian growth]
  4977 | D:4      | Noticed Grinder
  4994 | D:4      | Identified a +2 whip of freezing
  4994 | D:4      | Identified a +0 robe
  4994 | D:4      | Noticed Pikel
  5046 | D:3      | Identified 2 potions of might
  5054 | D:3      | Killed Pikel
  5054 | D:3      | Reached skill level 6 in Fighting
  5054 | D:3      | Reached skill level 6 in Bows
  5054 | D:3      | Reached skill level 3 in Stealth
  5380 | D:4      | Identified a +0 giant club
  5392 | D:4      | Reached XP level 8. HP: 70/70 MP: 8/8
  5508 | D:4      | Paralysed by Grinder for 7 turns
  5514 | D:4      | HP: 16/70 [Grinder (5)]
  5515 | D:4      | Killed Grinder
  5515 | D:4      | Reached skill level 4 in Dodging
  5519 | D:4      | Reached skill level 4 in Stealth
  5945 | D:5      | Entered Level 5 of the Dungeon
  5970 | D:5      | Identified a +0 club
  5971 | D:5      | Identified a +0 spear
  5971 | D:5      | Identified a cursed +0 club
  5972 | D:5      | Identified a +0 club
  5972 | D:5      | Identified a +0 robe
  5973 | D:5      | Identified a +3 spear of freezing
  5973 | D:5      | Identified a +0 flail
  6051 | D:5      | Found a shimmering altar of Xom.
  6118 | D:5      | Found a glowing drain.
  6127 | Sewer    | Entered a sewer
  6129 | Sewer    | Identified 5 scrolls of teleportation
  6130 | Sewer    | Identified 4 scrolls of remove curse
  6131 | Sewer    | Identified a ring of positive energy (You found it on level
                  | 4 of the Dungeon)
  6132 | Sewer    | Identified a ring of magical power (You found it on level 1
                  | of the Dungeon)
  6134 | Sewer    | Identified a ring of intelligence (You found it on level 2
                  | of the Dungeon)
  6670 | Sewer    | Reached skill level 7 in Fighting
  6770 | Sewer    | Identified a ring of fire (You found it in a sewer)
  7045 | D:5      | Identified a +0 falchion
  7048 | D:5      | Identified a +0 club
  7049 | D:5      | Identified a +0 rapier
  7052 | D:5      | Identified a +0 dagger
  7052 | D:5      | Identified a +0 robe
  7053 | D:5      | Identified a +0 whip
  7189 | D:5      | Found a glowing golden altar of the Shining One.
  7189 | D:5      | Found a runed translucent door.
  7189 | D:5      | Identified a +3 whip of holy wrath
  7189 | D:5      | Identified a +1 robe of magic resistance
  7189 | D:5      | Noticed an angel
  7192 | D:5      | Identified a +0 long sword
  7405 | D:5      | Identified a +1 antimagic dagger (You found it on level 2
                  | of the Dungeon)
  7406 | D:5      | Identified a cursed -2 rapier (You found it on level 5 of
                  | the Dungeon)
  7511 | D:6      | Identified a +0 giant spiked club
  7536 | D:5      | Reached skill level 7 in Bows
  7801 | D:6      | Found a staircase to the Ecumenical Temple.
  7801 | D:6      | Identified a +0 short sword
  7816 | D:6      | Found a burning altar of Makhleb.
  7819 | Temple   | Entered the Ecumenical Temple
  7899 | Temple   | Became a worshipper of Warmaster Okawaru
  7935 | D:6      | Found a white marble altar of Elyvilon.
  8085 | D:6      | Reached XP level 9. HP: 80/80 MP: 9/9
  8095 | D:6      | Reached skill level 1 in Invocations
  8417 | D:6      | Identified a +0 vorpal long sword
  8417 | D:6      | Identified a +0 robe
  8440 | D:6      | Identified 2 scrolls of blinking
  8441 | D:6      | Identified 2 scrolls of enchant armour
  8447 | D:6      | Identified a +0 great sword
  8447 | D:6      | Identified a +0 robe
  8455 | D:6      | Reached skill level 2 in Invocations
  8464 | D:6      | Identified a +4 hand axe
  8464 | D:6      | Identified a +0 robe
  8464 | D:6      | Identified a cursed +6 war axe of freezing
  8464 | D:6      | Identified a +0 robe
  8464 | D:6      | Identified a +2 mace
  8464 | D:6      | Identified a +0 robe
  8485 | D:6      | Reached skill level 8 in Fighting
  8501 | D:6      | HP: 19/81 [wight/cursed +6 war axe of freezing (3)]
  8503 | D:6      | Identified 2 potions of resistance
  8504 | D:6      | Identified 2 potions of curing
  8904 | D:6      | Identified a +0 hand axe
  8923 | D:6      | Identified a +2 dire flail of protection
  8923 | D:6      | Identified a +0 scale mail
  8923 | D:6      | Noticed Edmund
  8974 | D:6      | Identified a +0 giant club
  8979 | D:6      | Reached * piety under Okawaru
  8979 | D:6      | Reached skill level 1 in Axes
  9045 | D:6      | Found a hazy altar of Hepliaklqana.
  9258 | D:7      | Identified a potion of lignification
  9259 | D:7      | Identified a potion of ambrosia
  9260 | D:7      | Identified a potion of mutation
  9261 | D:7      | Identified a potion of flight
  9262 | D:7      | Identified a potion of cancellation
  9263 | D:7      | Identified a potion of invisibility
  9264 | D:7      | Identified a potion of brilliance
  9315 | D:6      | Killed Edmund
  9315 | D:6      | Reached skill level 5 in Dodging
  9315 | D:6      | Reached skill level 3 in Invocations
  9440 | D:7      | Identified a +0 mace
  9443 | D:7      | Identified a +0 dagger
  9446 | D:7      | Identified a +0 dagger
  9448 | D:7      | Reached skill level 2 in Axes
  9581 | D:7      | Identified a +0 dagger
  9581 | D:7      | Identified a +0 robe
  9585 | D:7      | Identified a +0 war axe
  9585 | D:7      | Identified a +0 chain mail
  9609 | D:7      | Identified a cursed -1 long sword
  9609 | D:7      | Identified a +0 chain mail
  9614 | D:7      | Identified a +0 short sword
  9621 | D:7      | Reached skill level 8 in Bows
  9634 | D:7      | Identified a +1 short sword of speed
  9642 | D:7      | Identified a +0 flail
  9821 | D:7      | Reached skill level 4 in Invocations
 10164 | D:8      | Found a stormy altar of Qazlal.
 10180 | D:8      | Identified a +0 whip
 10180 | D:8      | Identified a +0 dagger
 10180 | D:8      | Identified a cursed -1 short sword
 10186 | D:8      | Identified a +0 whip
 10186 | D:8      | Identified a +0 whip
 10190 | D:8      | Reached ** piety under Okawaru
 10190 | D:8      | Reached skill level 3 in Axes
 10252 | D:8      | Found a radiant altar of Vehumet.
 10281 | D:8      | Identified a +0 giant club
 10281 | D:8      | Identified a +0 giant club
 10281 | D:8      | Noticed a two-headed ogre
 10293 | D:8      | Killed a two-headed ogre
 10293 | D:8      | Reached XP level 10. HP: 64/90 MP: 8/13
 10459 | D:8      | Identified a +0 dagger
 10459 | D:8      | Identified a +0 cloak
 10459 | D:8      | Noticed Maurice
 10471 | D:8      | Killed Maurice
 10471 | D:8      | Reached skill level 4 in Axes
 10471 | D:8      | Reached skill level 5 in Invocations
 10544 | D:8      | Identified a +1 scimitar of flaming
 10544 | D:8      | Identified a +0 robe
 10544 | D:8      | Noticed Erica
 10555 | D:8      | Killed Erica
 10566 | D:8      | Identified a +0 dagger
 10569 | D:8      | Identified a +1 glaive of flaming
 10569 | D:8      | Identified +0 steam dragon scales
 10569 | D:8      | Noticed Maggie
 10570 | D:8      | Reached *** piety under Okawaru
 10571 | D:8      | Identified a cursed -1 halberd
 10571 | D:8      | Identified a +0 plate armour
 10573 | D:8      | Identified a +0 mace
 10573 | D:8      | Identified a +0 leather armour
 10584 | D:8      | Killed Maggie
 10586 | D:8      | HP: 19/90 [orc warrior/cursed -1 halberd (8)]
 10591 | D:8      | HP: 15/90 [hungry ghost (1)]
 10595 | D:8      | HP: 6/90 [orc warrior/cursed -1 halberd (10)]
 10952 | D:8      | Noticed Gastronok
 11018 | D:8      | Identified a +0 shortbow
 11066 | D:8      | Identified a +1 glaive
 11066 | D:8      | Identified a +0 animal skin
 11066 | D:8      | Noticed Grum
 11071 | D:8      | Reached skill level 9 in Fighting
 11198 | D:8      | Killed Grum
 11198 | D:8      | Reached skill level 6 in Invocations
 11446 | D:8      | Reached skill level 5 in Axes
 11540 | D:8      | Reached skill level 9 in Bows
 11727 | D:8      | Killed Gastronok
 11727 | D:8      | Received a gift from Okawaru
 11727 | D:8      | Reached skill level 6 in Dodging
 11727 | D:8      | Reached XP level 11. HP: 97/97 MP: 14/16
 11894 | D:9      | Found the +2 hood of the Assassin {Detection Stab+ Stlth++}
 11954 | D:9      | Identified a +0 giant club
 11999 | D:9      | Identified a +0 club
 11999 | D:9      | Identified a +0 whip
 12004 | D:9      | Reached **** piety under Okawaru
 12005 | D:9      | Identified a +0 dagger
 12042 | D:9      | Reached skill level 7 in Invocations
 12078 | D:9      | Reached skill level 6 in Axes
 12191 | D:9      | Identified a +0 whip of electrocution
 12195 | D:9      | Identified a +0 halberd
 12209 | D:9      | Identified a +0 antimagic spear
 12209 | D:9      | Identified a +0 scale mail
 12209 | D:9      | Identified a +2 kite shield
 12219 | D:9      | Identified a +0 spear
 12223 | D:9      | Identified a cursed -3 halberd
 12236 | D:9      | HP: 23/97 [troll (10)]
 12685 | D:9      | Identified a +0 hand axe
 12685 | D:9      | Identified a +0 scale mail
 12702 | D:9      | Identified a +0 hand axe
 12702 | D:9      | Identified a +0 hunting sling
 12728 | D:9      | Identified a +0 trident
 12728 | D:9      | Identified a +0 ring mail
 12820 | D:9      | Found a staircase to the Lair.
 13315 | D:9      | Identified a cursed -3 giant club
 13315 | D:9      | Identified a +0 giant club
 13315 | D:9      | Noticed a two-headed ogre
 13324 | D:9      | Killed a two-headed ogre
 13647 | D:9      | Identified a +0 short sword
 13647 | D:9      | Identified a +0 scale mail
 13740 | D:9      | Identified a potion of haste
 13741 | D:9      | Identified 2 potions of stabbing
 13742 | D:9      | Identified a potion of degeneration
 13750 | Lair:1   | Entered Level 1 of the Lair of Beasts
 13861 | Lair:1   | HP: 22/99 [elephant (4)]
 13862 | Lair:1   | HP: 10/99 [elephant (13)]
 13875 | Lair:1   | HP: 10/99 [elephant (3)]
 13876 | Lair:1   | Received a gift from Okawaru
 13876 | Lair:1   | Reached skill level 8 in Invocations
 13877 | Lair:1   | Reached skill level 7 in Axes
 14399 | Lair:1   | Reached ***** piety under Okawaru
 14399 | Lair:1   | Reached skill level 10 in Bows
 14594 | Lair:1   | Received a gift from Okawaru
 14856 | Lair:1   | Identified a +2 pair of gloves (You found it on level 1 of
                  | the Lair of Beasts)
 15320 | Lair:1   | Received a gift from Okawaru
 15452 | Lair:1   | Reached skill level 10 in Fighting
 15452 | Lair:1   | Reached XP level 12. HP: 89/106 MP: 13/18
 15665 | Lair:1   | Received a gift from Okawaru
 15665 | Lair:1   | Reached skill level 7 in Dodging
 15665 | Lair:1   | Reached skill level 9 in Invocations
 15698 | Lair:1   | You fall into a shaft and drop 1 floor!
 15812 | Lair:1   | Identified a +0 short sword
 15812 | Lair:1   | Identified a +0 robe
 15813 | Lair:1   | Identified a +0 rapier
 15813 | Lair:1   | Identified a +0 robe
 15814 | Lair:1   | Identified a +0 dagger
 15814 | Lair:1   | Identified a +0 robe
 15886 | Lair:1   | Identified a +0 short sword
 15886 | Lair:1   | Identified a +0 robe
 15887 | Lair:1   | Identified a +0 rapier
 15887 | Lair:1   | Identified a +0 robe
 15887 | Lair:1   | Identified a +0 buckler
 15887 | Lair:1   | Identified a +0 rapier
 15887 | Lair:1   | Identified a +0 robe
 16129 | Lair:1   | Reached skill level 8 in Axes
 16328 | Lair:1   | Identified a +0 rapier
 16328 | Lair:1   | Identified a +0 robe
 16328 | Lair:1   | Identified a +0 short sword
 16328 | Lair:1   | Identified a +0 robe
 16611 | Lair:1   | Identified a +0 rapier
 16611 | Lair:1   | Identified a +0 robe
 16617 | Lair:1   | Identified a +0 short sword
 16617 | Lair:1   | Identified a +0 robe
 16710 | Lair:2   | Received a gift from Okawaru
 16714 | Lair:2   | Got a faintly glowing longbow {god gift}
 16715 | Lair:2   | Identified the +1 longbow "Geezy" {freeze, rC+} (Okawaru
                  | gifted it to you on level 2 of the Lair of Beasts)
 17776 | Lair:3   | Identified 3 scrolls of immolation
 17777 | Lair:3   | Identified 3 scrolls of fear
 17778 | Lair:3   | Identified 2 scrolls of magic mapping
 17842 | Lair:3   | Found a dark tunnel.
 17848 | Volcano  | Entered a volcano
 17869 | Volcano  | Identified a +3 scimitar of flaming
 17882 | Volcano  | Identified a +0 scimitar of flaming
 18153 | Volcano  | Identified a +0 dire flail
 18202 | Volcano  | Identified a +0 flail
 18495 | Volcano  | Identified a +0 mace
 18507 | Volcano  | Identified a potion of heal wounds
 18508 | Volcano  | Identified a potion of berserk rage
 18509 | Volcano  | Identified a scroll of fog
 18580 | Lair:3   | Reached skill level 10 in Invocations
 18630 | Lair:3   | Reached skill level 11 in Bows
 18691 | Lair:3   | Identified a +2 dagger of distortion
 18691 | Lair:3   | Identified a +2 robe of magic resistance
 18691 | Lair:3   | Noticed Nergalle
 18693 | Lair:3   | Identified a +0 trident
 18693 | Lair:3   | Identified a +0 chain mail
 18705 | Lair:2   | Killed Nergalle
 18705 | Lair:2   | Reached skill level 9 in Axes
 18883 | Lair:3   | Found a staircase to the Shoals.
 18994 | Lair:3   | Noticed a thorn hunter
 18994 | Lair:3   | an oklob plant changed into a thorn hunter
 19005 | Lair:3   | Killed a thorn hunter
 19030 | Lair:3   | Learned a level 2 spell: Blink
 19061 | Lair:3   | Identified a +0 spear
 19068 | Lair:3   | Received a gift from Okawaru
 19691 | Lair:3   | Identified 2 scrolls of random uselessness
 19733 | Lair:4   | Identified a +0 mace of draining
 19750 | Lair:4   | Reached XP level 13. HP: 71/114 MP: 13/20
 19900 | Lair:4   | Found a staircase to the Snake Pit.
 19995 | Lair:4   | Reached skill level 1 in Evocations
 20039 | Lair:4   | HP: 37/171 [ten-headed hydra (8)]
 20041 | Lair:4   | HP: 12/171 [yak (7)]
 20042 | Lair:4   | HP: 4/171 [11-headed hydra (8)]
 20042 | Lair:4   | HP: 1/171 [11-headed hydra (3)]
 20042 | Lair:4   | Slain by a yak

Table legend:
 A = Turns spent in this place as a percentage of turns spent in the entire game.
 B = Non-inter-level travel turns spent in this place as a percentage of non-inter-level travel turns spent in the entire game.
 C = Inter-level travel turns spent in this place as a percentage of turns spent in this place.
 D = Turns resting spent in this place as a percentage of non-inter-level travel turns spent in this place.
 E = Turns spent auto-exploring this place as a percentage of non-inter-level travel turns spent in this place.
 F = Non-inter-level travel turns spent in this place divided by the number of levels of this place that you've seen.
                   A       B       C       D       E      F
               +-------+-------+-------+-------+-------+----------------------
         Total | 100.0 | 100.0 |   5.2 |  34.3 |  42.8 | 1187.8
       Dungeon |  64.5 |  64.2 |   5.7 |  33.6 |  43.3 | 1354.7
        Temple |   0.5 |   0.4 |  12.9 |   0.0 |  70.4 |  81.0
          Lair |  28.1 |  28.1 |   5.1 |  34.7 |  46.1 | 1334.5
         Sewer |   3.6 |   3.8 |   0.0 |  21.8 |  41.5 | 726.0
       Volcano |   3.3 |   3.5 |   0.0 |  61.5 |   4.5 | 668.0
               +-------+-------+-------+-------+-------+----------------------

Table legend:
 A = Kills in this place as a percentage of kills in entire the game.
 B = Kills by you in this place as a percentage of kills by you in the entire game.
 C = Kills by friends in this place as a percentage of kills by friends in the entire game.
 D = Other kills in this place as a percentage of other kills in the entire game.
 E = Experience gained in this place as a percentage of experience gained in the entire game.
 F = Experience gained in this place divided by the number of levels of this place that you have seen.
                   A       B       C       D       E      F
               +-------+-------+-------+-------+-------+----------------------
         Total | 100.0 | 100.0 |   N/A |   N/A | 100.0 | 2526.0
       Dungeon |  61.4 |  61.4 |   N/A |   N/A |  36.3 | 1630.0
          Lair |  29.5 |  29.5 |   N/A |   N/A |  49.5 | 4999.8
         Sewer |   4.3 |   4.3 |   N/A |   N/A |   0.6 | 234.0
       Volcano |   4.8 |   4.8 |   N/A |   N/A |  13.6 | 5513.0
               +-------+-------+-------+-------+-------+----------------------

Skill      XL: |  1  2  3  4  5  6  7  8  9 10 11 12 13 |
---------------+----------------------------------------+-----
Stealth        | 1 2 3 4 |  4.6
Dodging        | 2 3 4 5 6 7 |  7.8
Fighting       | 3 4 5 6 7 8 9 10 | 10.7
Bows           | 4 5 6 7 8 9 10 11 | 11.3
Invocations    | 4 6 8 10 | 10.6
Axes           | 3 5 7 9 |  9.5
Evocations     | 1 |  1.1
Long Blades    | |  0.9

Action                   |  1- 3 |  4- 6 |  7- 9 | 10-12 | 13-15 || total
-------------------------+-------+-------+-------+-------+-------++-------
Melee: Short sword       |    90 |   299 |    25 |       |       ||   414
       Tailslap          |     9 |    30 |    38 |    68 |     2 ||   147
       Whip              |       |       |   168 |       |       ||   168
       War axe           |       |       |    66 |   430 |    13 ||   509
       Long sword        |       |       |    23 |       |       ||    23
       Punch             |       |       |       |     1 |       ||     1
 Fire: Shortbow          |    16 |    58 |   220 |   336 |       ||   630
       Longbow           |       |       |       |   129 |    23 ||   152
Throw: Javelin           |       |       |     1 |     2 |       ||     3
       Boomerang         |       |       |       |     2 |       ||     2
Invok: Heroism           |       |       |     2 |     8 |       ||    10
       Finesse           |       |       |       |     1 |       ||     1
 Abil: Breathe Fire      |       |       |     2 |     7 |     1 ||    10
Evoke: Wand              |       |       |     3 |     1 |       ||     4
  Use: Scroll            |       |     2 |    14 |    13 |       ||    29
       Potion            |       |       |     3 |       |     1 ||     4
 Stab: Sleeping          |     4 |     3 |       |     5 |       ||    12
       Distracted        |       |       |       |     1 |       ||     1
  Eat: Chunk             |     1 |     9 |    10 |    11 |     1 ||    32
       Ration            |       |     1 |     2 |     8 |       ||    11
Armor: Skin              |    32 |   110 |    84 |   194 |    53 ||   473
Dodge: Dodged            |    65 |   218 |   223 |   498 |    24 ||  1028
       Rpst.: Long sword |       |       |     5 |       |       ||     5

Vanquished Creatures
  Gastronok (D:8)
  A thorn hunter (Lair:3)
  A hydra (Lair:4)
  Erica (D:8)
  2 two-headed ogres
  Nergalle (Lair:2)
  2 lindwurms (Volcano)
  Pikel (D:3)
  5 elephants (Lair:1)
  A merfolk siren (Lair:3)
  A toenail golem (Volcano)
  Maurice (D:8)
  A black mamba (Lair:3)
  3 molten gargoyles (Volcano)
  4 spiny frogs
  Maggie (D:8)
  A komodo dragon (Lair:1)
  2 efreet (Volcano)
  2 trolls (D:9)
  Grinder (D:4)
  A polar bear (Lair:3)
  3 hippogriffs
  8 fire elementals (Volcano)
  17 yaks
  3 basilisks
  Grum (D:8)
  A hungry ghost (D:8)
  2 vampire mosquitoes (D:9)
  A naga (Lair:4)
  Edmund (D:6)
  4 water moccasins
  4 porcupines (Lair:1)
  3 orc warriors
  4 ice beasts
  A sky beast (D:6)
  2 phantoms
  A hornet zombie (D:9)
  A necrophage (D:6)
  8 wolves
  5 ogres
  A centaur (D:8)
  4 crocodiles
  2 big kobolds
  A gnoll sergeant (D:9)
  9 bullfrogs
  2 earth elementals (Volcano)
  A scorpion (D:8)
  48 killer bees (Lair:1)
  An electric eel (D:9)
  5 wights (D:6)
  9 howler monkeys
  A centaur zombie (D:9)
  2 crimson imps
  A bullfrog skeleton (D:9)
  14 hounds
  4 jellies
  A centaur skeleton (D:7)
  A gnoll shaman (D:5)
  3 orc priests
  4 orc wizards
  Jessica (D:2)
  An iguana (D:9)
  Terence (D:3)
  5 worker ants
  A hound zombie (D:9)
  A worker ant zombie (D:6)
  A howler monkey skeleton (D:8)
  9 gnolls
  23 adders
  A shadow imp (D:7)
  2 oozes
  An adder zombie (D:9)
  5 worms
  4 dart slugs
  8 leopard geckos
  22 orcs
  2 ball pythons
  7 giant cockroaches
  5 goblins
  9 hobgoblins
  4 jackals
  6 quokkas
  A ball python skeleton (D:4)
  6 bats
  12 frilled lizards
  14 kobolds
  A leopard gecko zombie (D:6)
  5 rats
  A plant (Lair:3)
377 creatures vanquished.

Vanquished Creatures (others)
  An orc (D:8)
  3 fungi
  2 plants (Lair:1)
6 creatures vanquished.

Grand Total: 383 creatures vanquished
